Map: Ruins of Seras

Players

Elazer - Winner!

  • Race: Zerg Zerg
  • League: Grandmaster

PtitDrogo

  • Race: Protoss Protoss
  • League: Master

Event: Homestory Cup XII

VOD

Have the link to the VOD?

Description

Time

  • Played on: Dec. 20, 2015, 9:05 a.m.
  • Length: 10:50

All games in this series

Show
View Real Time Build Order
Export as new Build Order

Elazer Zerg - Winner!

Build Orders: Hatch First 

Get SALT Encoding   

  12  0:00  Drone  
  13  0:13  Overlord  
  13  0:17  Drone  
  14  0:31  Drone x2  
  16  0:36  Drone  
  17  0:53  Hatchery  
  17  0:56  Drone  
  17  1:00  Drone  
  18  1:10  Extractor  
  17  1:14  Spawning Pool  
  17  1:18  Drone  
  17  1:21  Drone  
  18  1:29  Drone  
  19  1:39  Overlord  
  19  1:51  Drone  
  20  2:01  Drone, Queen  
  20  2:05  Zergling x2, Queen  
  26  2:09  Metabolic Boost  
  26  2:12  Drone  
  27  2:16  Drone  
  28  2:24  Drone  
  28  2:27  Drone  
  30  2:37  Hatchery  
  30  2:40  Drone  
  30  2:49  Queen  
  30  2:50  Drone  
  33  2:52  Overlord  
  33  3:00  Zergling x4  
  36  3:05  Drone  
  36  3:12  Drone x3, Overlord  
  39  3:15  Drone x2  
  40  3:23  Zergling x4  
  42  3:32  Drone x3  
  45  3:40  Drone x3  
  45  3:41  Drone  
  49  3:44  Drone, Extractor  
  49  3:45  Drone, Extractor  
  49  3:50  Overlord  
  49  3:54  Drone  
  50  3:58  Drone x2  
  50  3:59  Drone x2  
  50  4:01  Roach Warren, Drone  
  53  4:11  Drone x2  
  53  4:14  Drone  
  53  4:15  Drone  
  57  4:17  Lair  
  57  4:19  Evolution Chamber  
  57  4:22  Spore Crawler x2  
  54  4:26  Overlord  
  54  4:27  Extractor  
  54  4:29  Drone x4  
  56  4:38  Drone x2  
  55  4:41  Drone  
  55  4:42  Drone  
  55  4:43  Drone x3  
  61  4:46  Spore Crawler  
  61  4:51  Drone x2  
  62  4:53  Drone  
  62  4:56  Overlord  
  62  5:01  Roach x2  
  62  5:03  Roach x2  
  62  5:05  Roach  
  72  5:09  Overlord  
  72  5:12  Spore Crawler, Spine Crawler  
  72  5:13  Roach  
  72  5:16  Roach  
  72  5:20  Roach x2  
  78  5:23  Roach  
  78  5:27  Overlord  
  80  5:34  Overlord  
  80  5:36  Overlord  
  80  5:43  Drone x2, Spine Crawler  
  80  5:47  Queen  
  80  5:48  Drone  
  80  5:49  Drone x5  
  89  5:56  Overlord  
  88  5:57  Drone x4  
  88  6:01  Drone  
  88  6:03  Zerg Missile Weapons Level 1  
  89  6:12  Spore Crawler  
  89  6:14  Glial Reconstitution  
  89  6:15  Drone x2  
  90  6:20  Extractor  
  90  6:21  Extractor  
  90  6:22  Overlord  
  88  6:28  Drone x2, Extractor  
  88  6:29  Drone x2, Hydralisk Den  
  88  6:30  Drone x2  
  92  6:34  Drone x3  
  92  6:35  Drone x2  
  97  6:48  Hatchery  
  97  6:52  Overlord  
  96  6:59  Drone  
  97  7:02  Lurker Den  
  97  7:03  Hydralisk x5, Infestation Pit  
  97  7:06  Overlord  
  106  7:11  Queen  
  106  7:13  Overlord  
  106  7:14  Drone  
  109  7:17  Evolution Chamber  
  109  7:20  Drone x5  
  109  7:21  Drone  
  114  7:26  Overlord  
  114  7:31  Burrow  
  114  7:33  Hydralisk x2  
  114  7:34  Hydralisk x2  
  122  7:37  Overlord  
  122  7:40  Zergling x2  
  122  7:42  Roach x2  
  127  7:49  Roach x4  
  134  7:53  Spine Crawler  
  134  7:55  Roach x3  
  134  7:56  Ravager x2  
  134  7:57  Ravager x2  
  143  8:02  Roach x3  
  149  8:09  Roach x4  
  149  8:10  Roach  
  149  8:11  Roach  
  158  8:13  Ravager  
  158  8:14  Ravager x5  
  158  8:20  Evolution Chamber  
  149  8:28  Roach x8  
  149  8:31  Ravager  
  160  8:40  Roach x7  
  150  8:43  Roach x2  
  130  8:50  Roach x2  
  125  8:58  Muscular Augments  
  125  9:05  Drone x4  
  125  9:06  Extractor  
  125  9:08  Extractor  
  127  9:13  Overlord  
  127  9:17  Hatchery  
  126  9:25  Overlord  
  126  9:27  Hive  
  126  9:33  Drone x3, Hydralisk  
  126  9:34  Hydralisk x2  
  126  9:36  Zergling x2  
  126  9:37  Zergling x14  
  143  9:43  Hydralisk  
  143  9:47  Hydralisk x2  
  143  9:48  Hydralisk x2, Roach x3  
  151  9:58  Overlord  
  151  9:59  Roach x5  
  159  10:03  Lurker  
  157  10:10  Lurker  
  157  10:11  Zergling x8  
  159  10:15  Roach x3  
  165  10:22  Roach x2  
  165  10:23  Roach x2  
Show
View Real Time Build Order
Export as new Build Order

PtitDrogo Protoss 

Build Orders: Nexus First, Oracle Opening 

Get SALT Encoding   

  12  0:01  Probe (Chrono Boost)  
  13  0:11  Probe (Chrono Boost)  
  14  0:18  Pylon  
  14  0:23  Probe (Chrono Boost)  
  15  0:36  Probe (Chrono Boost)  
  16  0:47  Probe (Chrono Boost)  
  17  1:00  Nexus  
  17  1:02  Probe (Chrono Boost)  
  18  1:12  Gateway  
  18  1:15  Probe (Chrono Boost)  
  19  1:20  Assimilator  
  19  1:27  Probe (Chrono Boost)  
  19  1:30  Assimilator  
  20  1:37  Probe (Chrono Boost)  
  21  1:41  Gateway  
  21  1:48  Probe (Chrono Boost)  
  22  1:58  Probe (Chrono Boost)  
  22  2:00  Cybernetics Core  
  23  2:11  Probe (Chrono Boost)  
  23  2:12  Probe (Chrono Boost)  
  27  2:22  Probe (Chrono Boost)  
  28  2:23  Probe (Chrono Boost)  
  29  2:31  Warp Gate (Chrono Boost)  
  29  2:32  Probe (Chrono Boost)  
  29  2:33  Probe (Chrono Boost)  
  29  2:38  Adept x2 (Chrono Boost)  
  33  2:44  Stargate  
  33  2:46  Probe  
  33  2:49  Probe  
  35  2:54  Pylon  
  35  2:58  Probe  
  35  2:59  Mothership Core  
  38  3:12  Probe  
  39  3:19  Probe  
  39  3:23  Pylon  
  39  3:24  Probe  
  43  3:27  Oracle (Chrono Boost)  
  43  3:31  Probe  
  45  3:36  Probe  
  46  3:41  Adept x2  
  46  3:44  Probe  
  46  3:47  Pylon  
  51  3:54  Probe  
  52  3:59  Probe  
  53  4:06  Probe  
  53  4:09  Adept (Chrono Boost)  
  56  4:11  Probe  
  56  4:12  Gateway  
  56  4:13  Adept (Chrono Boost)  
  56  4:14  Oracle (Chrono Boost)  
  56  4:15  Pylon  
  62  4:20  Assimilator x2  
  62  4:22  Pylon x2  
  62  4:33  Probe x2  
  64  4:45  Probe  
  64  4:47  Probe  
  64  4:48  Adept x2  
  70  4:58  Probe  
  72  5:00  Probe  
  72  5:05  Nexus  
  72  5:06  Pylon  
  72  5:07  Sentry x2  
  72  5:08  Pylon  
  72  5:10  Probe  
  72  5:12  Probe  
  78  5:17  Robotics Facility  
  78  5:18  Twilight Council  
  78  5:22  Probe  
  78  5:24  Sentry, Probe  
  82  5:34  Probe  
  83  5:36  Probe  
  84  5:46  Probe  
  84  5:48  Probe  
  82  5:58  Probe  
  82  6:00  Probe  
  82  6:01  Charge (Chrono Boost)  
  84  6:05  Gateway x2  
  84  6:10  Probe  
  85  6:12  Probe  
  85  6:13  Sentry x2  
  85  6:16  Probe, Gateway  
  91  6:22  Probe  
  91  6:24  Observer (Chrono Boost)  
  93  6:28  Probe  
  93  6:29  Zealot  
  96  6:34  Gateway  
  96  6:37  Gateway  
  96  6:38  Gateway  
  96  6:39  Gateway  
  96  6:40  Gateway  
  96  6:41  Probe, Gateway  
  97  6:51  Zealot x3  
  103  6:55  Gateway  
  103  6:56  Gateway, Warp Prism  
  103  7:00  Pylon  
  105  7:09  Assimilator  
  105  7:11  Zealot x5  
  105  7:12  Templar Archives  
  115  7:22  Pylon  
  115  7:23  Pylon x2  
  115  7:24  Pylon  
  115  7:37  Zealot x5  
  115  7:41  Zealot x4  
  115  7:42  Zealot  
  135  7:57  High Templar x3  
  135  7:58  High Templar x3  
  147  7:59  Zealot x3  
  147  8:03  Zealot x4  
  147  8:05  Archon x2  
  156  8:11  Archon  
  147  8:24  Probe  
  139  8:28  Zealot x5  
  139  8:29  Zealot x4  
  136  8:40  Zealot x3  
  118  8:46  Zealot x2  
  77  9:04  High Templar  
  77  9:05  High Templar x5  
  77  9:07  Zealot x3  
  95  9:10  Probe x2  
  95  9:12  Archon x2  
  97  9:22  Archon  
  97  9:24  Probe  
  98  9:33  Immortal (Chrono Boost)  
  102  9:52  Zealot x3  
  106  9:53  Zealot x6  
  120  10:12  High Templar x4  
  120  10:14  Zealot x5  
  133  10:18  Archon  
  133  10:19  Archon  
  131  10:31  Zealot  
  131  10:35  Probe  
  108  10:36  Zealot x4  
  108  10:37  Zealot x2  
  106  10:44  Zealot x2  
  106  10:45  Zealot  
Tags
 
Add a new tag
Caveats
  • Supply blocks, unpowered buildings, or Contaminate may cause inaccurate times.
  • Supply counts are checked every 10 seconds.